 Dungeon Crawl Stone Soup version 0.29.1-15-g9cfb28693d (webtiles) character file.

Game seed: 587365196886671368

380 MisterFreud the Twirler (level 7, -4/52 HPs)
             Began as a Formicid Gladiator on Apr 10, 2023.
             Slain by a gnoll sergeant
             ... wielding a +0 spear
              (5 damage)
             ... on level 3 of the Dungeon.
             The game lasted 00:04:35 (4128 turns).

MisterFreud the Twirler (Formicid Gladiator)        Turns: 4128, Time: 00:04:35

Health: -4/52      AC:  8    Str: 21    XL:     7   Next: 4%
Magic:  7/7        EV: 12    Int:  7    God:
Gold:   147        SH:  0    Dex: 15    Spells: 6/6 levels left

rFire   . . .      SeeInvis +   a - +0 quarterstaff (freeze)
rCold   . . .      Faith    .   (no shield)
rNeg    . . .      Spirit   .   b - +0 leather armour
rPois   .          Reflect  .   (helmet unavailable)
rElec   .          Harm     .   (no cloak)
rCorr   .          Rampage  .   (no gloves)
Will    .....                   m - +0 pair of boots
Stlth   +.........              g - amulet of the acrobat
HPRegen 0.17/turn               k - +4 ring of protection
MPRegen 0.10/turn               (no ring)

@: no status effects
A: permanent stasis, dig shafts and tunnels, antennae 3, four strong arms
a: Dig, Shaft Self


You were on level 3 of the Dungeon.
You visited 1 branch of the dungeon, and saw 6 of its levels.

You collected 147 gold pieces.

Inventory:

Hand Weapons
 a - a +0 quarterstaff of freezing (weapon)
Missiles
 c - 3 throwing nets (quivered)
 d - a javelin
 j - 5 poisoned darts
 u - 6 boomerangs
Armour
 b - a +0 leather armour (worn)
 m - a +0 pair of boots (worn)
Jewellery
 e - an amulet of magic regeneration
 g - an amulet of the acrobat (around neck)
 k - a +4 ring of protection (left hand)
Wands
 x - a wand of polymorph (14)
Scrolls
 p - 2 scrolls of identify {unknown}
 s - a scroll of enchant weapon {unknown}
 w - a scroll of summoning {unknown}
Potions
 f - 2 potions of haste {unknown}
 h - a potion of heal wounds {unknown}
 i - a potion of resistance {unknown}
 l - a potion of cancellation {unknown}
 n - 4 potions of brilliance {unknown}
 o - 2 potions of lignification {unknown}
 q - a potion of mutation {unknown}
 r - a potion of attraction {unknown}
 t - a potion of curing {unknown}
 v - 2 potions of invisibility {unknown}


   Skills:
 + Level 3.3 Fighting
 + Level 6.5 Staves
 - Level 2.0 Throwing
 + Level 2.3 Armour
 - Level 2.6 Dodging


You had 6 spell levels left.
You didn't know any spells.
Your spell library was empty.

Dungeon Overview and Level Annotations

Branches:
Dungeon (6/15)
 Temple: D:4-7

Altars:

Shops:
D:2 :


Innate Abilities, Weirdness & Mutations

You cannot be hasted, slowed, berserked, paralysed or teleported.
You can dig through walls and to a lower floor.
You have a pair of large antennae on your head. (SInv)
Your four strong arms can wield two-handed weapons with a shield.


Message History

The gnoll barely misses you.
You sock the gnoll! You freeze the gnoll.
You kill the gnoll!
A gnoll comes into view. It is wielding a +0 vorpal flail.
The gnoll sergeant completely misses you.
You see here the +3 woodcutter's axe {vorpal}.
The gnoll shouts!
You hear a shout!
The gnoll sergeant hits you with a +0 spear.
You hit the gnoll sergeant but do no damage.
The gnoll sergeant barely misses you.
You sock the gnoll sergeant! You freeze the gnoll sergeant.
The gnoll sergeant is moderately wounded.
The gnoll sergeant hits you with a +0 spear.
You hit the gnoll sergeant but do no damage.
The gnoll sergeant is moderately wounded.
The gnoll sergeant hits you but does no damage.
You barely miss the gnoll sergeant.
The gnoll sergeant is moderately wounded.
The gnoll hits you with a +0 vorpal flail.
The gnoll sergeant hits you with a +0 spear!
You hit the gnoll sergeant. You freeze the gnoll sergeant.
The gnoll sergeant is heavily wounded.
The gnoll hits you but does no damage.
The gnoll sergeant hits you with a +0 spear.
You are too injured to fight recklessly!
The gnoll attacks as you move away! The gnoll hits you but does no damage.
The gnoll sergeant attacks as you move away!
The gnoll sergeant hits you but does no damage.
The gnoll sergeant hits you from afar with a +0 spear.
* * * LOW HITPOINT WARNING * * *
You see here the +3 woodcutter's axe {vorpal}.
Are you sure you want to shaft yourself?
The gnoll barely misses you.
The gnoll sergeant hits you from afar with a +0 spear!
* * * LOW HITPOINT WARNING * * *
You begin to dig a shaft.
You continue digging a shaft.
The gnoll hits you with a +0 vorpal flail.
* * * LOW HITPOINT WARNING * * *
x2 The gnoll sergeant hits you from afar with a +0 spear.
You die...

.# .# # #. ####...#
#.##.. .#.# ♣♣ #.
#.#... .[. ).. #.
#..#.##)# ♣♣..# #.
#......# ♣♣♣....#. {
#. #......#♣♣)..♣..#.
#. #...)#(.@gg.....'.{
## ##.#.###♣♣....♣.#.
#.#.####♣♣♣.)..# ###
#......# ♣♣..# ##.)
###.##...# ... #...
#.##....# ♣♣ #...
#.##..#'############..
#.##..#...........##..
#.##..#.##............


You could see a gnoll sergeant and a gnoll.

Vanquished Creatures
  A necrophage (D:5)
  2 hounds (D:4)
  2 iguanas
  An orc wizard (D:5)
  5 adders
  4 gnolls
  An ufetubus (D:6)
  4 worms
  3 dart slugs
  4 orcs (D:5)
  8 endoplasms
  3 giant cockroaches
  5 goblins
  5 hobgoblins
  7 kobolds
  4 quokkas
  2 ball pythons
  5 bats
  5 frilled lizards
  7 rats
78 creatures vanquished.

Notes
Turn   | Place    | Note
-------+----------+-------------------------------------------
     0 | D:1      | MisterFreud the Formicid Gladiator began the quest for the
                  | Orb.
     0 | D:1      | Reached XP level 1. HP: 16/16 MP: 1/1
    22 | D:1      | You fall into a shaft and drop 1 floor!
   165 | D:2      | Found Miotaag's Book Emporium.
   170 | D:2      | Reached XP level 2. HP: 14/22 MP: 2/2
   469 | D:2      | Reached skill level 4 in Staves
   469 | D:2      | Reached XP level 3. HP: 24/27 MP: 3/3
  1605 | D:2      | Reached XP level 4. HP: 5/33 MP: 4/4
  2203 | D:2      | Reached skill level 5 in Staves
  2419 | D:3      | Reached XP level 5. HP: 38/38 MP: 5/5
  2610 | D:3      | Found a faded altar of an unknown god.
  2811 | D:3      | You fall into a shaft and drop 3 floors!
  3053 | D:5      | Entered Level 5 of the Dungeon
  3083 | D:5      | Reached skill level 6 in Staves
  3112 | D:5      | Reached skill level 1 in Armour
  3112 | D:5      | Reached XP level 6. HP: 26/46 MP: 6/6
  3150 | D:5      | Noticed a black bear
  4109 | D:3      | Reached XP level 7. HP: 39/52 MP: 7/7
  4128 | D:3      | HP: 1/52 [gnoll/+0 vorpal flail (2)]
  4128 | D:3      | Slain by a gnoll sergeant

Illustrated notes

Levels and vault maps discovered:
D:1:      ncdulo_wetmaze, layout_basic, minivault_14, minivault_23,
          minmay_small_reverse_x
D:2:      layout_basic, serial_shops, shop, eino_curves_04,
          minmay_misc_feat_tiny, chequers_serial_rivers_micro_e,
          minmay_strange_pillars, small_statue_intersection, st_stairs_11,
          kennysheep_minor_cross
D:3:      layout_basic, ebering_ecumenical_altar_hall,
          pf_guarded_unrand_woodcutter
D:4:      layout_gridville, kennysheep_generic_room_4, uniq_duvessa
D:5:      layout_basic, nicolae_overflow_hallway_of_the_gods,
          general_overflow_altar, kennysheep_slug_shrine,
          lightli_ossuary_entry_decrepit_ruins
D:6:      layout_basic, gup_sewer_entry_bowl, serial_shops,
          nicolae_take_the_stairs, uniq_edmund, uniq_maggie

Skill      XL: |  1  2  3  4  5  6 |
---------------+-------------------+-----
Staves         | 4 5 6 |  6.5
Armour         | 1 2 |  2.3
Fighting       | 3 |  3.3
Throwing       | |  2.0
Dodging        | |  2.6

Action                   |  1- 3 |  4- 6 |  7- 9 || total
-------------------------+-------+-------+-------++-------
Melee: Quarterstaff      |    63 |   157 |     9 ||   229
       Punch             |     1 |     2 |       ||     3
 Abil: Shaft Self        |       |     1 |     1 ||     2
  Use: Scroll            |     4 |     4 |       ||     8
 Stab: Sleeping          |     1 |     1 |       ||     2
Armor: Leather armour    |    11 |    49 |     5 ||    65
Dodge: Dodged            |    44 |   118 |     6 ||   168
